 Dungeon Crawl Stone Soup version 0.28.0 (webtiles) character file.

Game seed: 15721312668430006531

132530 fiver49 the Bludgeoner (level 16, -6/213 (237) HPs)
             Began as a Troll Gladiator on Feb 15, 2022.
             Was a High Priest of Trog.
             Mangled by an emperor scorpion (17 damage)
             ... on level 2 of the Lair of Beasts.
             The game lasted 01:18:52 (26301 turns).

fiver49 the Bludgeoner (Troll Gladiator)           Turns: 26301, Time: 01:18:52

HP:   -6/213 (237)  AC: 15    Str: 30    XL:     16   Next: 57%
MP:   15/15         EV: 17    Int:  6    God:    Trog [*****.]
Gold: 1185          SH:  0    Dex: 13    Spells: 15/15 levels left

rFire   . . .      SeeInvis .   a - +5 giant club of Xijocaer {flame, rCorr}
rCold   + + .      Faith    .   (shield currently unavailable)
rNeg    . . .      Spirit   .   U - +1 swamp dragon scales
rPois   +          Reflect  .   c - +0 hat
rElec   +          Harm     .   w - +1 cloak
rCorr   +          Rampage  .   (gloves unavailable)
Will    ++++.                   (boots unavailable)
Stlth   ..........              u - amulet of the acrobat
HPRegen 2.25/turn               z - ring "Jaziepri" {rElec rPois rC+ EV+4 Int+2}
MPRegen 0.14/turn               y - ring "Vazxa" {rC+ Will+}

@: berserking, lethally poisoned (-6 -> -37), strong-willed, regenerating,
heavily drained, very quick
A: large, unfitting armour, claws 3, regeneration 1, shaggy fur 1, tough skin 1
a: Renounce Religion, Berserk, Trog's Hand, Brothers in Arms


You were on level 2 of the Lair of Beasts.
You worshipped Trog.
Trog was extremely pleased with you.
You visited 5 branches of the dungeon, and saw 25 of its levels.
You also visited: Sewer and Gauntlet.

You collected 2397 gold pieces.
You spent 1212 gold pieces at shops.

Inventory:

Hand Weapons
 a - the +5 giant club of Xijocaer (weapon) {flame, rCorr}
   (Trog gifted it to you on level 5 of the Lair of Beasts)

   It burns those it strikes, dealing additional fire damage.
   rCorr:     It protects you from acid and corrosion.
 q - the +6 giant club of Responsibility {antimagic, Drain +Blink rN++ Str+3}
   (Trog gifted it to you on level 14 of the Dungeon)

   It reduces the magical energy of the wielder, and disrupts the spells and
   magical abilities of those it strikes.
   Natural abilities and divine invocations are not affected.
   Str:       It affects your strength (+3).
   rN:        It greatly protects you from negative energy.
   +Blink:    It lets you blink.
   Drain:     It drains your maximum health when unequipped.
 H - a +2 dire flail of holy wrath
   (You took it off Edmund on level 4 of the Dungeon)
Missiles
 d - 5 throwing nets
 i - 11 javelins
 s - 13 large rocks
 I - 27 boomerangs
 K - 17 poisoned darts (quivered)
 P - 3 boomerangs of dispersal
Armour
 c - a +0 hat (worn)
 w - a +1 cloak (worn)
   (You found it on level 4 of the Dungeon)
 U - +1 swamp dragon scales (worn)
   (You bought it in a shop on level 2 of the Orcish Mines)
Jewellery
 k - a ring of positive energy
   (You took it off a minotaur in a Gauntlet)
 o - a +6 ring of intelligence
   (You took it off a goblin on level 3 of the Dungeon)
 p - a ring of see invisible
   (You found it on level 3 of the Dungeon)
 u - an amulet of the acrobat (around neck)
   (You found it on level 4 of the Dungeon)
 y - the ring "Vazxa" (right claw) {rC+ Will+}
   (You found it in a Gauntlet)

   [ring of willpower]

   rC:        It protects you from cold.
   Will:      It increases your willpower.
 z - the ring "Jaziepri" (left claw) {rElec rPois rC+ EV+4 Int+2}
   (You acquired it on level 14 of the Dungeon)

   [ring of evasion]

   EV:        It affects your evasion (+4).
   Int:       It affects your intelligence (+2).
   rC:        It protects you from cold.
   rElec:     It insulates you from electricity.
   rPois:     It protects you from poison.
 M - a ring of fire
   (You found it on level 8 of the Dungeon)
 V - a ring of resist corrosion
   (You found it on level 14 of the Dungeon)
 X - an amulet of reflection
   (You found it on level 1 of the Lair of Beasts)
Wands
 e - a wand of charming (6)
   (You found it in a Gauntlet)
 x - a wand of flame (21)
   (You took it off Ijyb on level 5 of the Dungeon)
 O - a wand of iceblast (19)
   (You found it on level 2 of the Lair of Beasts)
 T - a wand of polymorph (4)
   (You found it on level 9 of the Dungeon)
Scrolls
 j - 3 scrolls of immolation
 m - 4 scrolls of vulnerability
 r - 14 scrolls of teleportation
 D - 4 scrolls of silence
 E - 3 scrolls of enchant armour
 J - 6 scrolls of enchant weapon
 L - 2 scrolls of torment
 N - 2 scrolls of blinking
 Q - a scroll of summoning
 Z - 3 scrolls of fog
Potions
 b - 2 potions of invisibility
 g - 4 potions of might
 h - 3 potions of cancellation
 l - a potion of heal wounds
 n - 10 potions of curing
 t - 2 potions of berserk rage
 v - 3 potions of attraction
 A - 5 potions of mutation
 B - 5 potions of brilliance
 C - 7 potions of flight
 F - 2 potions of resistance
 G - 4 potions of haste
 S - a potion of ambrosia
 Y - 3 potions of lignification
Miscellaneous
 f - a condenser vane
   (You found it on level 1 of the Orcish Mines)
 W - a phial of floods
   (You found it on level 13 of the Dungeon)


   Skills:
 * Level 10.3 Fighting
 - Level 18.0 Maces & Flails
 + Level 11.3 Throwing
 * Level 10.3 Armour
 * Level 10.3 Dodging
 + Level 1.2 Evocations


You had 15 spell levels left.
You didn't know any spells.
Your spell library was empty.

Dungeon Overview and Level Annotations

Branches:
Dungeon (15/15)            Temple (1/1) D:4            Lair (6/6) D:11
  Swamp (0/4) Lair:2       Spider (1/4) Lair:2        Slime (0/5) Lair:5
    Orc (2/2) D:11            Elf (0/3) Orc:2        Vaults (0/5) D:14
  Sewer (visited)         Gauntlet (visited)
 Depths: D:15

Altars:
Ashenzari
Cheibriados
Dithmenos
Elyvilon
Fedhas
Gozag
Hepliaklqana
Kikubaaqudgha
Makhleb
Nemelex Xobeh
Okawaru
Qazlal
Ru
Sif Muna
Trog
Uskayaw
Vehumet
Wu Jian
Xom
Yredelemnul
Zin
The Shining One

Shops:
D:6 (   D:13 *   D:14 !   Orc:2 ?*:[

Portals:
Pandemonium: Orc:2
Trove: D:12 (give horn of Geryon)

Annotations:
D:7 2 transporters, BobtheApe's ghost, amateur MfGl
D:8 1 runed translucent door, mandarbmax's ghost, novice TeAE
D:15 2 exclusions


Innate Abilities, Weirdness & Mutations

You are too large for most types of armour.
You have claws for hands.
Your natural rate of healing is unusually fast.
You are covered in fur. (AC +1)
You have tough skin. (AC +1)


Message History

You feel yourself speed up.
You start waiting.
You recover from your berserk rage.
Things that are here:
a +0 great sword of draining; a +0 chain mail; the human corpse of Rupert
There is a hole to the Spider Nest here.
You climb downwards.
Welcome back to the Spider Nest!
This branch contains the gossamer rune of Zot.
The emperor scorpion stings you. The emperor scorpion misses you.
The emperor scorpion completely misses you.
The pharaoh ant completely misses you. The emperor scorpion stings you.
You are poisoned.
The emperor scorpion poisons you!
The emperor scorpion closely misses you.
The emperor scorpion misses you. The pharaoh ant bites you!!
You hear an angry hiss.
There is a crawl-hole back to the Lair, spattered with blood here.
You feel extremely sick.
You hear an angry hiss.
The redback misses you.
The emperor scorpion closely misses you.
The emperor scorpion claws you but does no damage.
The emperor scorpion claws you. The pharaoh ant closely misses you.
The redback bites you.
You climb upwards.
Welcome back to the Lair of Beasts!
You feel extremely sick.
There is a hole to the Spider Nest here.
Press: ? - help, v - describe, . - travel
Here: a pharaoh ant The floor.
Your skin crawls.
You feel strong-willed.
You feel very sick.
The emperor scorpion completely misses you.
The emperor scorpion claws you. The emperor scorpion misses you.
The pharaoh ant bites you but does no damage.
The redback bites you but does no damage.
The emperor scorpion stings you!
You are more poisoned.
The emperor scorpion poisons you!
The emperor scorpion closely misses you.
The emperor scorpion claws you but does no damage.
A red film seems to cover your vision as you go berserk!
You feel yourself moving faster!
You feel mighty!
You feel extremely sick.
The pharaoh ant bites you but does no damage.
The redback closely misses you. The pharaoh ant closely misses you.
The emperor scorpion stings you but does no damage.
The emperor scorpion claws you but does no damage.
The emperor scorpion closely misses you.
The redback barely misses you.
You bludgeon the pharaoh ant!! You burn the pharaoh ant.
The pharaoh ant is almost destroyed.
You feel very sick. The pharaoh ant bites you!
You feel drained.
You bludgeon the pharaoh ant!! You burn the pharaoh ant.
You destroy the pharaoh ant!
Trog accepts your kill.
The pharaoh ant binds the souls of nearby monsters.
You feel very sick. The redback closely misses you.
The emperor scorpion stings you!!
* * * LOW HITPOINT WARNING * * *
The emperor scorpion claws you.
* * * LOW HITPOINT WARNING * * *
The emperor scorpion closely misses you.
You completely miss the redback.
You feel very sick. The redback bites you.
* * * LOW HITPOINT WARNING * * *
The emperor scorpion stings you but does no damage.
The emperor scorpion claws you but does no damage.
The emperor scorpion completely misses you.
You barely miss the redback.
You feel very sick. The redback closely misses you.
You miss the redback.
You feel very sick. The emperor scorpion stings you.
* * * LOW HITPOINT WARNING * * *
You are lethally poisoned!
The emperor scorpion poisons you!
The emperor scorpion claws you but does no damage. x2
You are too berserk!
You are too berserk!
You are too berserk!
You are too berserk!
You bludgeon the redback!! You burn the redback.
The redback is severely wounded.
* * * LOW HITPOINT WARNING * * *
You feel very sick. The redback completely misses you.
You crush the redback like a grape!!! You burn the redback.
You kill the redback!
Trog accepts your kill.
A freezing mist starts to gather...
A redback simulacrum comes into view.
* * * LOW HITPOINT WARNING * * *
You feel extremely sick. The emperor scorpion stings you!
You die...

......##.##.#..###.............##
................##..##.....#...#
..............###...#.....P.#..##
........P.##...#..#.##......##..#
..P<..#..P###.....###...........#
P....##..###.....Z#..........#...
##..###..........................
....####.......[.................
.....###...PPP..@s.............P.
......#...####...................
.........## #....................
#.......#####....................
##.......##................<.....
#...........#.#..................
..........##.##..................
.#......(..###...................
........P.#####..................


You could see an emperor scorpion (soul bound) and a redback simulacrum.

Vanquished Creatures
  Rupert (Lair:2)
  Jorgrun (Orc:1)
  Donald (Orc:2)
  The ghost of Philosiphyzer the Grappler, a journeyman TrMo of Wu Jian (Orc:1)
  A great orb of eyes (D:13)
  Josephine (Orc:2)
  11 hydras
  An ogre mage (D:14)
  6 boulder beetles
  2 catoblepae
  4 centaur warriors
  2 two-headed ogres
  A deep troll shaman (Lair:6)
  18 death yaks
  5 tengu warriors
  A shock serpent (shapeshifter) (D:15)
  6 orc high priests
  A wretched star (Gauntlet)
  A sixfirhy (Gauntlet)
  16 skeletal warriors
  A pharaoh ant (Lair:2)
  Pikel (D:5)
  9 orc knights
  A wizard (D:14)
  3 deep elf pyromancers
  7 orc sorcerers
  2 oklob plants (Lair:1)
  12 ugly things
  2 wolf spiders (D:15)
  6 manticores
  3 cyclopes
  31 elephants
  3 torpor snails
  3 black mambas
  2 gargoyles
  11 cane toads
  An orange demon (Orc:2)
  2 smoke demons (Orc:2)
  5 yaktaurs (D:14)
  An efreet (D:13)
  An unseen horror (D:12)
  9 rime drakes
  A kobold demonologist (D:13)
  13 komodo dragons
  A tengu conjurer (D:13)
  2 trolls
  5 polar bears
  Grinder (D:6)
  Prince Ribbit (D:5)
  4 slime creatures (D:15)
  14 blink frogs
  9 dream sheep (Lair:6)
  2 shadows
  Sigmund (D:2)
  4 wyverns
  7 wraiths
  6 basilisks
  Eustachio (D:5)
  A redback (Lair:2)
  76 yaks
  2 steam dragons (D:9)
  A hog (D:13)
  4 vampire mosquitoes
  4 wargs
  A harpy simulacrum (D:15)
  An acid dragon (D:13)
  Edmund (D:4)
  19 water moccasins
  A swamp drake (D:11)
  3 black bears
  29 orc warriors
  3 sky beasts
  8 ogres
  A black bear (shapeshifter) (D:13)
  A boggart (D:13)
  32 wolves
  A lemure (D:5)
  6 centaurs
  A phantom (D:10)
  Blork the orc (D:6)
  2 small abominations (Gauntlet)
  2 kobold brigands
  9 bullfrogs
  A spectral warg (Orc:1)
  2 gnoll sergeants (D:13)
  2 wyvern zombies
  2 scorpions
  4 troll zombies (D:11)
  9 killer bees (D:8)
  5 wights
  3 howler monkeys (D:11)
  2 electric eels
  4 centaur zombies
  5 jellies
  6 centaur skeletons
  2 hounds
  32 orc priests
  2 warg simulacra (Orc:1)
  Jessica (D:2)
  Ijyb (D:5)
  18 orc wizards
  3 iguanas
  A merfolk siren (Sewer)
  A spectral orc (Orc:1)
  A merfolk avatar (Sewer)
  A killer bee zombie (D:6)
  4 ogre zombies (D:11)
  A hound skeleton (D:4)
  Robin (D:2)
  13 gnolls
  6 adders
  An ogre simulacrum (Orc:1)
  2 river rats
  A shadow imp (D:7)
  3 white imps
  4 ufetubi
  An orc simulacrum (Orc:1)
  2 adder skeletons (D:4)
  5 worms
  12 dart slugs
  87 orcs
  7 bats
  10 endoplasms
  5 giant cockroaches
  13 goblins
  9 hobgoblins
  6 jackals
  13 kobolds
  11 quokkas
  7 ball pythons
  10 frilled lizards
  3 goblin skeletons (D:11)
  3 goblin zombies (D:11)
  A hobgoblin skeleton (D:11)
  5 hobgoblin zombies (D:11)
  3 orc skeletons (D:11)
  10 orc zombies (D:11)
  38 rats
884 creatures vanquished.

Vanquished Creatures (collateral kills)
  A minotaur (Gauntlet)
  A hydra (Gauntlet)
  A boulder beetle (D:13)
  An oklob plant (Lair:1)
  A komodo dragon (Lair:1)
  A yak (Lair:1)
  2 orc warriors (Orc:1)
  2 orc wizards (Orc:1)
  An orc (Orc:1)
11 creatures vanquished.

Vanquished Creatures (others)
  A floating eye (shapeshifter) (D:13)
  A bush (Lair:4)
  31 fungi
  104 plants
137 creatures vanquished.

Grand Total: 1032 creatures vanquished

Notes
Turn   | Place    | Note
-------+----------+-------------------------------------------
     0 | D:1      | fiver49 the Troll Gladiator began the quest for the Orb.
     0 | D:1      | Reached XP level 1. HP: 19/19 MP: 0/0
    39 | D:1      | Reached skill level 3 in Maces & Flails
   157 | D:1      | Reached XP level 2. HP: 27/27 MP: 1/1
   797 | D:2      | Noticed Jessica
   829 | D:1      | Reached XP level 3. HP: 24/33 MP: 2/2
   844 | D:2      | Reached skill level 4 in Maces & Flails
   844 | D:2      | Killed Jessica
   845 | D:2      | Reached XP level 4. HP: 41/41 MP: 3/3
   908 | D:2      | Noticed Robin
   967 | D:2      | Killed Robin
  1005 | D:2      | Reached skill level 5 in Maces & Flails
  1277 | D:2      | Noticed Sigmund
  1381 | D:2      | Found a faded altar of an unknown god.
  1867 | D:3      | Reached XP level 5. HP: 48/48 MP: 4/4
  1886 | D:3      | Found a hazy altar of Hepliaklqana.
  1909 | D:3      | Identified the +6 mace "Hydraslayer" {freeze, MP+9 Dex+2
                  | Stlth+}
  3050 | D:4      | Found a staircase to the Ecumenical Temple.
  3067 | Temple   | Entered the Ecumenical Temple
  3329 | D:4      | Reached skill level 6 in Maces & Flails
  3528 | D:4      | Reached XP level 6. HP: 46/55 MP: 5/5
  3707 | D:4      | Noticed Edmund
  4039 | D:5      | Entered Level 5 of the Dungeon
  4088 | D:5      | Reached skill level 7 in Maces & Flails
  4108 | D:5      | Noticed a wyvern
  4155 | D:5      | Noticed Ijyb
  4205 | D:5      | Found a bloodstained altar of Trog.
  4205 | D:5      | Found a hide-covered altar of Uskayaw.
  4205 | D:5      | Found an ancient bone altar of Kikubaaqudgha.
  4214 | D:5      | Became a worshipper of Trog the Wrathful
  4240 | D:5      | Reached XP level 7. HP: 49/62 MP: 6/6
  4288 | D:5      | Noticed Pikel
  4289 | D:5      | Killed a wyvern
  4352 | D:5      | Reached skill level 8 in Maces & Flails
  4387 | D:5      | Killed Ijyb
  4584 | D:5      | Identified the +0 pair of gloves of Pymoon {*Corrode rElec
                  | rC+}
  4593 | D:5      | Noticed Prince Ribbit
  4614 | D:5      | Killed Prince Ribbit
  4615 | D:5      | Reached skill level 9 in Maces & Flails
  4615 | D:5      | Reached XP level 8. HP: 56/70 MP: 7/7
  4777 | D:5      | Noticed Eustachio
  4836 | D:5      | Killed Pikel
  4837 | D:5      | Reached skill level 10 in Maces & Flails
  5026 | D:5      | Found a sparkling altar of Nemelex Xobeh.
  5197 | D:6      | Found Cuusel's Weapon Boutique.
  5206 | D:6      | Found a stormy altar of Qazlal.
  5257 | D:6      | Reached * piety under Trog
  5345 | D:6      | Found a glowing drain.
  5350 | D:6      | Reached skill level 11 in Maces & Flails
  5376 | Sewer    | Entered a sewer
  5481 | Sewer    | Reached ** piety under Trog
  5482 | Sewer    | Reached XP level 9. HP: 66/76 MP: 8/8
  5781 | D:6      | Noticed Grinder
  5792 | D:6      | Noticed Blork the orc
  5801 | D:6      | Killed Blork the orc
  5949 | D:6      | Reached *** piety under Trog
  5963 | D:6      | Paralysed by Grinder for 6 turns
  5985 | D:6      | Killed Grinder
  6138 | D:5      | Killed Eustachio
  6281 | D:2      | Killed Sigmund
  6282 | D:2      | Reached skill level 12 in Maces & Flails
  6420 | D:4      | Killed Edmund
  6557 | D:7      | Noticed a gargoyle
  6611 | D:7      | Found a transporter.
  6613 | D:7      | Noticed a centaur warrior
  6637 | D:7      | Found an opulent altar of Gozag.
  6644 | D:7      | Found a transporter.
  6645 | D:7      | Noticed BobtheApe's ghost (amateur MfGl)
  6776 | D:7      | Killed a gargoyle
  6784 | D:7      | HP: 19/76 [poisoned by a gargoyle]
  6906 | D:7      | Found an iron altar of Okawaru.
  6963 | D:7      | Reached skill level 13 in Maces & Flails
  7045 | D:7      | Found a sacrificial altar of Ru.
  7046 | D:7      | Found a shimmering altar of Xom.
  7350 | D:8      | Reached XP level 10. HP: 74/85 MP: 9/9
  7504 | D:8      | Found a runed translucent door.
  7505 | D:8      | Noticed mandarbmax's ghost (novice TeAE)
  7744 | D:8      | Found a glowing golden altar of the Shining One.
  8042 | D:8      | Reached **** piety under Trog
  8320 | D:9      | Reached skill level 14 in Maces & Flails
  8427 | D:9      | Found a broken altar of Ashenzari.
  8507 | D:9      | Reached skill level 2 in Throwing
  8510 | D:9      | Reached skill level 2 in Fighting
  8510 | D:9      | Reached skill level 1 in Armour
  8522 | D:9      | Reached skill level 3 in Dodging
  8590 | D:10     | Entered Level 10 of the Dungeon
  8614 | D:9      | Reached skill level 2 in Armour
  8648 | D:9      | Reached skill level 3 in Fighting
  8747 | D:10     | Reached skill level 3 in Throwing
  8768 | D:10     | Reached skill level 3 in Armour
  8768 | D:10     | Reached skill level 4 in Dodging
  8858 | D:10     | Noticed a centaur warrior
  8928 | D:10     | Killed a centaur warrior
  8966 | D:10     | Reached XP level 11. HP: 98/98 MP: 10/10
  9062 | D:10     | Found a shimmering blue altar of Sif Muna.
  9344 | D:11     | Noticed a boulder beetle
  9363 | D:11     | Reached ***** piety under Trog
  9366 | D:11     | HP: 21/98 [boulder beetle (14)]
  9368 | D:10     | HP: 10/98 [boulder beetle (3)]
  9369 | D:10     | HP: 4/98 [manticore (1)]
  9423 | D:10     | Reached skill level 4 in Fighting
  9441 | D:10     | Killed a boulder beetle
  9557 | D:10     | Reached skill level 4 in Armour
  9606 | D:11     | Found a staircase to the Orcish Mines.
  9709 | D:11     | Reached skill level 5 in Dodging
  9812 | D:11     | Reached skill level 4 in Throwing
  9868 | D:11     | Noticed a boulder beetle
  9882 | D:11     | Killed a boulder beetle
  9883 | D:11     | Reached skill level 5 in Fighting
 10293 | D:11     | Found a staircase to the Lair.
 10305 | D:11     | Reached skill level 5 in Armour
 10747 | D:12     | Noticed a white ugly thing
 10776 | D:12     | Found a portal to a secret trove of treasure.
 10879 | Lair:1   | Entered Level 1 of the Lair of Beasts
 11001 | Lair:1   | Reached skill level 6 in Dodging
 11114 | Lair:1   | Noticed a five-headed hydra
 11123 | Lair:1   | Killed a five-headed hydra
 11124 | Lair:1   | Reached XP level 12. HP: 87/113 MP: 11/11
 11161 | Lair:1   | Reached skill level 6 in Fighting
 11223 | Lair:1   | Noticed a six-headed hydra
 11228 | Lair:1   | Killed a six-headed hydra
 11332 | Lair:1   | Reached skill level 5 in Throwing
 11503 | Lair:1   | Reached skill level 6 in Armour
 12042 | Lair:2   | Noticed a death yak
 12062 | Lair:2   | Killed a death yak
 12063 | Lair:2   | Reached skill level 7 in Dodging
 12249 | Lair:2   | Noticed a death yak
 12272 | Lair:1   | Killed a death yak
 12348 | Lair:1   | Reached skill level 7 in Fighting
 12453 | Lair:1   | HP: 29/118 [yak (6)]
 12567 | Lair:2   | Found a hole to the Spider Nest.
 12585 | Lair:2   | Reached skill level 7 in Armour
 12761 | Lair:2   | Found a staircase to the Swamp.
 13608 | Lair:3   | Noticed a boulder beetle
 13622 | Lair:3   | Killed a boulder beetle
 13688 | Lair:3   | Noticed a five-headed hydra
 13697 | Lair:3   | Killed a five-headed hydra
 13698 | Lair:3   | Reached skill level 6 in Throwing
 13698 | Lair:3   | Reached XP level 13. HP: 82/126 MP: 12/12
 13765 | Lair:3   | Reached skill level 8 in Dodging
 13784 | Lair:3   | Found a gate leading to a gauntlet.
 13793 | Gauntlet | Entered a Gauntlet
 13793 | Gauntlet | Found a transporter.
 13793 | Gauntlet | Found a transporter.
 13793 | Gauntlet | Found a large runed translucent door.
 13793 | Gauntlet | Found a large runed translucent door.
 13793 | Gauntlet | Found a large runed translucent door.
 13793 | Gauntlet | Found a large runed translucent door.
 13793 | Gauntlet | Found a large runed translucent door.
 13793 | Gauntlet | Found a large runed translucent door.
 13793 | Gauntlet | Found a runed translucent door.
 13793 | Gauntlet | Found a runed translucent door.
 13793 | Gauntlet | Found a large runed translucent door.
 13793 | Gauntlet | Found a large runed translucent door.
 13793 | Gauntlet | Found a large runed translucent door.
 13793 | Gauntlet | Found a large runed translucent door.
 13793 | Gauntlet | Found a large runed translucent door.
 13793 | Gauntlet | Found a large runed translucent door.
 13798 | Gauntlet | Found a transporter.
 13806 | Gauntlet | Noticed an entropy weaver
 13810 | Gauntlet | Found a transporter.
 13823 | Gauntlet | Found a transporter.
 13824 | Gauntlet | Found a transporter.
 13825 | Gauntlet | Found a transporter.
 13830 | Gauntlet | Noticed a balrug
 13834 | Gauntlet | Found a transporter.
 13834 | Gauntlet | Found a transporter.
 13837 | Gauntlet | Found a transporter.
 13877 | Gauntlet | Found a transporter.
 13904 | Gauntlet | Found a large runed translucent door.
 13904 | Gauntlet | Found a large runed translucent door.
 13905 | Gauntlet | Found a runed translucent gate.
 13905 | Gauntlet | Found a runed translucent gate.
 13906 | Gauntlet | Found a runed translucent gate.
 13907 | Gauntlet | Found a transporter.
 13952 | Gauntlet | Found a transporter.
 13967 | Gauntlet | Found a transporter.
 14040 | Gauntlet | Found a large runed translucent door.
 14040 | Gauntlet | Found a large runed translucent door.
 14058 | Gauntlet | Found a transporter.
 14074 | Gauntlet | Found a transporter.
 14246 | Gauntlet | HP: 27/127 [four-headed hydra (11)]
 14250 | Gauntlet | Identified the ring "Vazxa" {rC+ Will+}
 14420 | Gauntlet | Identified the +5 falchion of Stickiness {flame, Dex+4}
 14420 | Gauntlet | Identified the +0 plate armour of the Tired Queens {SInv}
 14420 | Gauntlet | Noticed a minotaur
 14424 | Gauntlet | HP: 29/127 [minotaur (10)]
 14426 | Gauntlet | Killed a minotaur
 14427 | Gauntlet | Reached skill level 8 in Fighting
 14807 | Lair:3   | Reached skill level 8 in Armour
 14858 | Lair:3   | Identified the +0 robe of Context {Dex+5}
 15835 | Lair:4   | Reached skill level 9 in Dodging
 16120 | Lair:4   | Identified the +4 trident "Newtbane" {drain, rPois rF++
                  | MP-9}
 16363 | Lair:5   | Reached skill level 7 in Throwing
 16373 | Lair:5   | Reached skill level 9 in Fighting
 16804 | Lair:5   | Reached skill level 9 in Armour
 16816 | Lair:5   | Reached XP level 14. HP: 95/140 MP: 13/13
 17153 | Lair:5   | Found a staircase to the Slime Pits.
 17215 | Lair:5   | Identified the +5 giant club of Xijocaer {flame, rCorr}
                  | (Trog gifted it to you on level 5 of the Lair of Beasts)
 17215 | Lair:5   | Received a gift from Trog
 17495 | Lair:6   | Entered Level 6 of the Lair of Beasts
 18022 | Lair:6   | Reached skill level 10 in Dodging
 18377 | Lair:6   | Received a gift from Trog
 18504 | Lair:6   | Reached skill level 10 in Fighting
 18517 | Lair:6   | Reached skill level 10 in Armour
 18518 | Lair:6   | HP: 53/214 [death yak (12)]
 18520 | Lair:6   | HP: 24/214 [death yak (16)]
 18521 | Lair:6   | Reached skill level 8 in Throwing
 18798 | Lair:6   | Reached skill level 15 in Maces & Flails
 19058 | Lair:6   | Reached XP level 15. HP: 123/149 MP: 14/14
 20242 | D:13     | Noticed Sonja
 20257 | D:13     | HP: 32/149 [poisoned by Sonja]
 20259 | D:13     | HP: 15/149 [Sonja (1)]
 20260 | D:13     | Noticed Sonja
 20260 | D:13     | Sonja changed into Sonja the hog
 20260 | D:13     | HP: 6/149 [Sonja the hog (4)]
 20262 | D:13     | Killed Sonja the hog
 20439 | D:13     | Found Welupp's Blood Bar.
 20531 | D:13     | Reached skill level 9 in Throwing
 21098 | D:13     | Reached skill level 16 in Maces & Flails
 21181 | D:13     | Identified the +1 plate armour "Biciewup" {Harm rF- Dex+4
                  | Stlth+}
 21225 | D:13     | Reached ****** piety under Trog
 21808 | D:13     | HP: 13/149 [boulder beetle (50)]
 21809 | D:13     | HP: 5/149 [boulder beetle (12)]
 21914 | D:14     | Identified the +6 giant club of Responsibility {antimagic,
                  | Drain +Blink rN++ Str+3} (Trog gifted it to you on level 14
                  | of the Dungeon)
 21914 | D:14     | Received a gift from Trog
 22036 | D:14     | Reached skill level 10 in Throwing
 22036 | D:14     | Found a bloodstained altar of Trog.
 22120 | D:14     | Found a gate to the Vaults.
 22246 | D:14     | HP: 37/149 [two-headed ogre (20)]
 22251 | D:14     | Reached skill level 17 in Maces & Flails
 22257 | D:14     | HP: 32/149 [tengu warrior[a tengu warrior] (13)]
 22355 | D:14     | Found Kiqunyha's Distillery.
 22363 | D:14     | Bought a potion of curing for 45 gold pieces
 22363 | D:14     | Bought a potion of haste for 150 gold pieces
 22493 | D:14     | Identified a scroll of acquirement
 22494 | D:14     | Acquired the ring "Jaziepri" {rElec rPois rC+ EV+4 Int+2}
 22755 | D:14     | Found a blossoming altar of Fedhas.
 22860 | D:15     | Entered Level 15 of the Dungeon
 23138 | D:15     | Reached XP level 16. HP: 88/158 MP: 1/15
 23144 | D:15     | HP: 32/158 [red ugly thing (13)]
 23814 | Orc:1    | Entered Level 1 of the Orcish Mines
 23816 | Orc:1    | Paralysed by an orc sorcerer for 7 turns
 24024 | Orc:1    | Paralysed by an orc sorcerer for 6 turns
 24028 | Orc:1    | HP: 19/140 [orc sorcerer/bolt of fire[an orc high priest]
                  | (21)]
 24028 | Orc:1    | HP: 7/140 [orc priest/divine providence[an orc high priest]
                  | (12)]
 24029 | Orc:1    | HP: 1/140 [orc priest[an orc high priest] (3)]
 24139 | Orc:1    | You fall into a shaft and drop 1 floor!
 24139 | Orc:2    | Entered Level 2 of the Orcish Mines
 24211 | Orc:1    | Received a gift from Trog
 24506 | Orc:1    | Found a runed translucent gate.
 24506 | Orc:1    | Found a runed translucent gate.
 24506 | Orc:1    | Found a runed translucent gate.
 24511 | Orc:1    | Noticed Philosiphyzer's ghost (journeyman TrMo)
 24518 | Orc:1    | Noticed Jorgrun
 24529 | Orc:1    | Killed Jorgrun
 24530 | Orc:1    | Reached skill level 11 in Throwing
 24706 | Orc:1    | Killed Philosiphyzer's ghost
 24893 | Orc:2    | Found a staircase to the Elven Halls.
 25111 | Orc:2    | Noticed Josephine
 25120 | Orc:2    | Killed Josephine
 25334 | Orc:2    | Noticed Donald
 25337 | Orc:2    | Reached skill level 18 in Maces & Flails
 25351 | Orc:2    | Killed Donald
 25352 | Orc:2    | Found Fymyduw's Magic Scroll Emporium.
 25353 | Orc:2    | Found Dufa's General Store.
 25492 | Orc:2    | Received a gift from Trog
 25653 | Orc:2    | Bought 2 scrolls of teleportation for 90 gold pieces
 25655 | Orc:2    | Bought a scroll of teleportation for 36 gold pieces
 25655 | Orc:2    | Bought a scroll of teleportation for 36 gold pieces
 25687 | Orc:2    | Reached skill level 1 in Evocations
 25770 | Orc:2    | Found Xebob's Book Shop.
 25770 | Orc:2    | Found Ekliec's Antique Armour Boutique.
 25771 | Orc:2    | Found a one-way gate leading to the halls of Pandemonium.
 26004 | Orc:2    | Bought +1 swamp dragon scales for 855 gold pieces
 26220 | Spider:1 | Entered Level 1 of the Spider Nest
 26220 | Spider:1 | Noticed Rupert
 26235 | Lair:2   | Killed Rupert
 26296 | Lair:2   | HP: 40/211 [emperor scorpion (22)]
 26300 | Lair:2   | HP: 17/213 [poisoned by an emperor scorpion]
 26301 | Lair:2   | Mangled by an emperor scorpion

Illustrated notes

Levels and vault maps discovered:
D:1:      noname_arrival_rooms_in_the_neighbourhood, layout_basic
D:2:      layout_basic, ebering_ecumenical_altar_rust, uniq_robin, uniq_sigmund,
          uniq_jessica
D:3:      layout_basic, nzn_hepliaklqana_mist_gate, grunt_decor_mini_mirrors
D:4:      layout_basic, minmay_temple_entry_tees, serial_corexii_hall,
          chequers_hall_statues_y, corexii_hall_statues_i, uniq_edmund
D:5:      layout_loops_ring, nemelex_diamond_rough_becter,
          grunt_temple_overflow_open, kennysheep_boxes, uniq_ijyb,
          uniq_prince_ribbit1, uniq_eustachio, uniq_pikel
D:6:      kennysheep_slugbush, layout_rooms, nicolae_qazlal_scattered_showers,
          serial_shops, nicolae_stop_n_shop_2, portal_sewer_entry_a,
          minmay_misc_feat_room, uniq_blork_the_orc, uniq_grinder
D:7:      layout_cave_pools, mainiacjoe_overflow_paths, minitemple,
          okawaru_trees_1, gammafunk_ghost_arena
D:8:      layout_basic, mainiacjoe_overflow_24_doors, gammafunk_ghost_grave
D:9:      layout_rooms, mainiacjoe_overflow_brackets
D:10:     layout_gridville, lemuel_round_altar
D:11:     layout_loops_ring, erik_lair_dragon, zombieorc2_lemuel
D:12:     layout_irregular_city, nicolae_trove_entry_isolated
D:13:     minmay_the_grid_triangle_9x9_rhombus_full
          [minmay_the_grid_triangle_9x9_pentomino_pain,
          minmay_the_grid_triangle_9x9_impossible_snake,
          minmay_the_grid_triangle_9x9_warning,
          minmay_the_grid_triangle_9x9_zippers_vertical,
          minmay_the_grid_triangle_9x9_negative_grid,
          minmay_the_grid_triangle_9x9_descending_squares,
          minmay_the_grid_triangle_9x9_intruding_spiral,
          minmay_the_grid_triangle_9x9_prize_insulated], layout_gridville,
          guppyfry_shop_blood, uniq_sonja
D:14:     layout_small_grid, hangedman_vaults_entry_quadrant_bands,
          trog_three_pillars_becter, serial_shops, shop_fountains,
          minmay_misc_feat_tower, fedhas_altar_fruit_tree
D:15:     grunt_enter_depths_snipers, layout_cave_pools,
          hangedman_decor_clover_reticule
Temple:   jpeg_temple_island
Lair:1:   dpeg_oklob_gauntlet, layout_cellular_growth
Lair:2:   hellmonk_destroyed_diamonds, layout_layer_cave, swamp_mist_pool,
          dummy_spider_entry
Lair:3:   layout_small_grid, gauntlet_entry_generic, serial_bayou_shore_b,
          grunt_megastairs_4
Lair:4:   layout_loops_ring
Lair:5:   hellmonk_warped_wall, layout_layer_cave,
          nicolae_slime_entry_slimehenge, beast_lair_carwin_4
Lair:6:   grunt_lair_end_beastmaster, layout_regular_city, guppyfry_lair_drakes,
          serial_bayou_shore_a
Spider:1: layout_spider_delve, uniq_rupert
Orc:1:    layout_caves, gammafunk_ghost_necromancy, uniq_jorgrun
Orc:2:    pf_orc_diabolical, layout_caves, uniq_donald, uniq_josephine

Skill      XL: |  1  2  3  4  5  6  7  8  9 10 11 12 13 14 15 16 |
---------------+-------------------------------------------------+-----
Maces & Flails | 3 4 5 6 7 9 11 13 14 15 17 18 | 18.0
Throwing       | 3 4 6 7 8 10 11 | 11.3
Fighting       | 3 5 7 9 10 | 10.3
Armour         | 3 5 7 9 10 | 10.3
Dodging        | 4 6 7 9 10 | 10.3
Evocations     | 1 |  1.2

Action                   |  1- 3 |  4- 6 |  7- 9 | 10-12 | 13-15 | 16-18 || total
-------------------------+-------+-------+-------+-------+-------+-------++-------
Melee: Flail             |    58 |   113 |       |       |       |       ||   171
       Punch             |     1 |       |     5 |       |       |       ||     6
       Mace              |       |    94 |   277 |       |       |       ||   371
       Dire flail        |       |       |    62 |   662 |   420 |       ||  1144
       Giant club        |       |       |       |       |   661 |   403 ||  1064
Throw: Large rock        |       |       |     2 |     6 |     1 |       ||     9
       Dart              |       |       |     2 |    49 |   121 |    85 ||   257
       Boomerang         |       |       |       |     1 |       |    16 ||    17
Invok: Berserk           |       |       |     1 |     7 |    10 |     7 ||    25
       Trog's Hand       |       |       |       |     3 |     3 |     2 ||     8
       Brothers in Arms  |       |       |       |     2 |     4 |     1 ||     7
Evoke: Wand              |       |       |     5 |       |     2 |       ||     7
  Use: Scroll            |       |       |     4 |    10 |    16 |     2 ||    32
       Potion            |       |       |       |       |     4 |       ||     4
 Stab: Sleeping          |     1 |     6 |     9 |       |       |       ||    16
       Distracted        |       |     1 |       |       |       |       ||     1
Armor: Robe              |    28 |    62 |    78 |    12 |       |       ||   180
       Steam dragon scal |       |       |       |    86 |       |       ||    86
       Troll leather arm |       |       |       |    97 |   320 |    69 ||   486
       Swamp dragon scal |       |       |       |       |       |    11 ||    11
Dodge: Dodged            |    32 |    94 |   162 |   368 |   692 |   256 ||  1604

Table legend: (Time is in decaauts)
 A = Elapsed time spent in this place.
 B = Non-inter-level travel time spent in this place.
 C = Inter-level travel time spent in this place.
 D = Time resting spent in this place.
 E = Time spent auto-exploring this place.
 F = Levels seen in this place.
 G = Mean time per level.
                   A        B        C        D        E       F      G
               +--------+--------+--------+--------+--------+-----+--------+
         Total |  26006 |  24037 |   1969 |   1789 |  14738 |  27 |  963.2 |
       Dungeon |  15040 |  13658 |   1382 |   1104 |   8912 |  15 | 1002.7 |
        Temple |    278 |    272 |      6 |      0 |    240 |   1 |  278.0 |
          Lair |   7647 |   7169 |    478 |    312 |   4652 |   6 | 1274.5 |
   Spider Nest |      9 |      9 |      0 |      0 |      0 |   1 |    9.0 |
  Orcish Mines |   1924 |   1822 |    102 |    218 |    803 |   2 |  962.0 |
         Sewer |    406 |    406 |      0 |      0 |    130 |   1 |  406.0 |
      Gauntlet |    699 |    699 |      0 |    155 |      0 |   1 |  699.0 |
               +--------+--------+--------+--------+--------+-----+--------+

Top non-repeatable levels by time:
    D:13: 1634 daAuts
    D:11: 1625 daAuts
  Lair:6: 1546 daAuts
  Lair:1: 1419 daAuts
     D:3: 1407 daAuts
  Lair:2: 1387 daAuts
     D:4: 1285 daAuts
  Lair:3: 1275 daAuts
   Orc:2: 1268 daAuts
  Lair:5: 1230 daAuts
    D:14: 1213 daAuts
     D:5: 1149 daAuts
    D:12: 926 daAuts
     D:1: 827 daAuts
     D:8: 804 daAuts

Table legend:
 A = Kills in this place as a percentage of kills in entire the game.
 B = Kills by you in this place as a percentage of kills by you in the entire game.
 C = Kills by friends in this place as a percentage of kills by friends in the entire game.
 D = Other kills in this place as a percentage of other kills in the entire game.
 E = Experience gained in this place as a percentage of experience gained in the entire game.
 F = Experience gained in this place divided by the number of levels of this place that you have seen.
                   A       B       C       D       E      F
               +-------+-------+-------+-------+-------+----------------------
         Total | 100.0 | 100.0 | 100.0 |   N/A | 100.0 | 7019.4
       Dungeon |  50.7 |  51.2 |   9.1 |   N/A |  42.3 | 5345.6
          Lair |  28.4 |  28.4 |  27.3 |   N/A |  43.4 | 13713.5
  Orcish Mines |  14.2 |  13.8 |  45.5 |   N/A |  12.1 | 11422.5
         Sewer |   5.6 |   5.7 |   0.0 |   N/A |   0.1 | 154.0
      Gauntlet |   1.1 |   0.9 |  18.2 |   N/A |   2.1 | 4061.0
               +-------+-------+-------+-------+-------+----------------------
